 Dungeon Crawl Stone Soup version 0.21.1-1-g345015fe64 (webtiles) character file.

3152 Jannitor the Cleaver (level 9, -1/147 HPs)
             Began as an Ogre Berserker on Apr 27, 2018.
             Was a Priest of Trog.
             Slain by Erica
             ... wielding a +3 scimitar of flaming
              (8 damage)
             ... on level 8 of the Dungeon.
             The game lasted 00:08:22 (6960 turns).

Jannitor the Cleaver (Ogre Berserker)               Turns: 6960, Time: 00:08:23

Health: -1/147     AC:  6    Str: 29 (31) XL:     9   Next: 93%
Magic:  9/9        EV: 11    Int:  6 (8)  God:    Trog [***...]
Gold:   90         SH:  0    Dex:  7 (8)  Spells: 8/8 levels left

rFire    . . .     SeeInvis .   h - +1 battleaxe
rCold    . . .     Gourm    .   (shield currently unavailable)
rNeg     + . .     Faith    .   n - +3 robe "Foffi" {rN+ Stlth+}
rPois    .         Spirit   .   (helmet restricted)
rElec    .         Reflect  .   (no cloak)
rCorr    +         Harm     .   (gloves unavailable)
MR       ++...                  (boots unavailable)
Stlth    ..........             (no amulet)
HPRegen  1.34/turn              f - ring of resist corrosion
MPRegen  0.11/turn              (no ring)

@: berserking (expiring), lethally poisoned (-1 -> -1), regenerating, very quick
A: large, unfitting armour, tough skin 1
a: Berserk, Trog's Hand, Burn Spellbooks, Renounce Religion


You were on level 8 of the Dungeon.
You worshipped Trog.
Trog was most pleased with you.
You were hungry.

You visited 1 branch of the dungeon, and saw 8 of its levels.

You collected 221 gold pieces.
You spent 131 gold pieces at shops.

Inventory:

Hand Weapons
 a - a +0 hand axe
 h - a +1 battleaxe (weapon)
 u - a +0 war axe
Armour
 b - a +1 animal skin
 n - the +3 robe "Foffi" (worn) {rN+ Stlth+}
   (You bought it in a shop on level 4 of the Dungeon)

   It protects you from negative energy.
   It makes you more stealthy.
Jewellery
 f - a ring of resist corrosion (left hand)
 l - a cursed ring of teleportation
 m - an uncursed ring of ice
Wands
 d - a wand of flame (14)
 r - a wand of paralysis (9)
 s - a wand of random effects (23)
Scrolls
 g - a scroll of fog
 i - a scroll of teleportation
 j - 3 scrolls of remove curse
 o - 4 scrolls of identify
 x - a scroll of blinking
Potions
 e - a potion of flight
 k - a potion of curing
 p - 2 potions of might
 v - a potion of heal wounds
Comestibles
 c - 6 rations


   Skills:
 + Level 9.3 Fighting
 + Level 9.9 Axes
 + Level 6.5 Dodging
 - Level 2.5 Stealth


You had 8 spell levels left.
You didn't know any spells.

Dungeon Overview and Level Annotations

Branches:
Dungeon (8/15)             Temple (0/1) D:4
   Lair: D:8-11

Altars:
Vehumet

Shops:
D:4 [

Annotations:
D:8 Erica


Innate Abilities, Weirdness & Mutations

You are too large for most types of armour.
You have tough skin. (AC +1)


Message History

Erica is almost dead.
Erica misses you.
You barely miss Erica.
Erica is almost dead.
You feel sick.
Erica hits you with a scimitar of flaming!
* * * LOW HITPOINT WARNING * * *
Erica burns you.
* * * LOW HITPOINT WARNING * * *
You miss Erica.
Erica is almost dead.
You closely miss Erica.
Erica is almost dead.
Erica casts a spell.
Erica flickers and vanishes!
Deactivating autopickup; reactivate with Ctrl-A.
You miss something.
You feel sick. Something hits you!
* * * LOW HITPOINT WARNING * * *
Something burns you!
You die...

####.#
#.######
#. #.# #.#
#. #. #.#
#.# #. #.
#.# #.# #.
#. #.# #.#
#. #. #.#
#.#####.
#. #.#
#......†
#{######.#
#######.
#.@......#
#.
##########
#. #. #<
##


There were no monsters in sight!

Vanquished Creatures
  Grinder (D:3)
  Sigmund (D:5)
  Eustachio (D:6)
  Edmund (D:6)
  3 orc warriors
  An ice beast (D:5)
  2 black bears
  A sky beast (D:6)
  A phantom (D:6)
  A centaur (D:6)
  3 bullfrogs
  A gnoll sergeant (D:7)
  2 scorpions
  5 killer bees (D:8)
  A crimson imp (D:5)
  A bullfrog zombie (D:2)
  A jelly (D:7)
  A bullfrog skeleton (D:5)
  A hound (D:4)
  8 orc priests
  A gnoll shaman (D:5)
  8 orc wizards
  Ijyb (D:5)
  Natasha (twice) (D:2)
  7 worker ants
  A statue (D:6)
  A worker ant zombie (D:7)
  12 gnolls
  A howler monkey skeleton (D:5)
  4 adders
  An ooze (D:2)
  An adder zombie (D:5)
  A worm (D:2)
  5 leopard geckos
  16 orcs
  2 ball pythons
  3 bats
  2 giant cockroaches
  3 goblins
  9 hobgoblins
  12 jackals
  6 kobolds
  3 quokkas
  6 frilled lizards
  6 rats
151 creatures vanquished.

Notes
Turn   | Place    | Note
-------+----------+-------------------------------------------
     0 | D:1      | Jannitor the Ogre Berserker began the quest for the Orb.
     0 | D:1      | Reached XP level 1. HP: 24/24 MP: 1/1
    33 | D:1      | Reached XP level 2. HP: 19/32 MP: 2/2
   288 | D:1      | Reached XP level 3. HP: 27/40 MP: 3/3
   358 | D:1      | Reached ** piety under Trog
   707 | D:2      | Noticed Natasha
   722 | D:2      | Killed Natasha
   722 | D:2      | Reached skill level 5 in Fighting
   722 | D:2      | Reached XP level 4. HP: 18/50 MP: 4/4
  1429 | D:2      | Noticed Natasha
  1441 | D:2      | Killed Natasha
  1441 | D:2      | Reached XP level 5. HP: 57/57 MP: 5/5
  1733 | D:3      | Noticed Grinder
  1734 | D:3      | Paralysed by Grinder for 7 turns
  1748 | D:3      | Killed Grinder
  1748 | D:3      | Reached skill level 5 in Axes
  1748 | D:3      | Reached XP level 6. HP: 67/67 MP: 6/6
  1953 | D:4      | Found a staircase to the Ecumenical Temple.
  2004 | D:4      | Reached XP level 7. HP: 50/75 MP: 7/7
  2269 | D:4      | Found Jeofrog's Antique Armour Shop.
  2272 | D:4      | Bought a thick robe for 131 gold pieces
  2282 | D:4      | Identified the +3 robe "Foffi" {rN+ Stlth+} (You bought it in a shop on level 4 of the Dungeon)
  2391 | D:5      | Entered Level 5 of the Dungeon
  2402 | D:5      | Reached skill level 1 in Stealth
  2695 | D:5      | Noticed Ijyb
  2715 | D:5      | Killed Ijyb
  3193 | D:5      | Reached XP level 8. HP: 84/84 MP: 8/8
  3737 | D:5      | Noticed Sigmund
  3745 | D:5      | Killed Sigmund
  3745 | D:5      | Reached skill level 5 in Dodging
  4634 | D:6      | Noticed Edmund
  4642 | D:6      | Reached XP level 9. HP: 55/96 MP: 9/9
  4661 | D:6      | HP: 2/96 [Edmund/flail of protection (11)]
  5122 | D:6      | Found a radiant altar of Vehumet.
  5139 | D:6      | Noticed Eustachio
  5152 | D:6      | Killed Eustachio
  5222 | D:6      | Killed Edmund
  6346 | D:7      | Reached *** piety under Trog
  6935 | D:8      | Noticed Erica
  6960 | D:8      | HP: 7/147 [something (17)]
  6960 | D:8      | Slain by Erica

Skill      XL: |  1  2  3  4  5  6  7  8  9 |
---------------+----------------------------+-----
Dodging        | 3 4 5 6 |  6.5
Fighting       | 5 6 7 9 |  9.3
Axes           | 4 5 6 8 9 |  9.9
Stealth        | 1 2 |  2.5

Action                   |  1- 3 |  4- 6 |  7- 9 || total
-------------------------+-------+-------+-------++-------
Melee: Hand axe          |    94 |   108 |   199 ||   401
       War axe           |       |       |   171 ||   171
       Battleaxe         |       |       |    40 ||    40
Invok: Berserk           |     4 |     2 |    14 ||    20
       Trog's Hand       |     1 |     4 |    16 ||    21
  Use: Scroll            |       |       |    13 ||    13
       Potion            |       |       |     8 ||     8
 Stab: Sleeping          |       |     1 |     6 ||     7
  Eat: Chunk             |     2 |     8 |    14 ||    24
       Ration            |       |       |     6 ||     6
Armor: Animal skin       |    27 |    12 |     8 ||    47
       Robe              |       |       |    90 ||    90
Dodge: Dodged            |    64 |    60 |   221 ||   345
